 Dungeon Crawl Stone Soup version 0.30-a0-639-g3916f1956a (webtiles) character file.

Game seed: 3204056561541222309

24638 bande the Cleaver (level 13, -2/80 HPs)
             Began as a Gargoyle Fighter on Jan 16, 2023.
             Was a High Priest of Okawaru.
             Slain by a ten-headed hydra (10 damage)
             ... on level 3 of the Lair of Beasts.
             The game lasted 00:23:29 (15355 turns).

bande the Cleaver (Gargoyle Fighter)               Turns: 15355, Time: 00:23:30

Health: -2/80      AC: 41    Str: 21    XL:     13   Next: 14%
Magic:  17/17      EV:  7    Int:  9    God:    Okawaru [*****.]
Gold:   607        SH:  6    Dex: 13    Spells: 12/12 levels left

rFire   . . .      SeeInvis .    y - +0 flail (protect)
rCold   . . .      Faith    +    c - +0 buckler
rNeg    + . .      Spirit   .    n - +0 plate armour
rPois   ∞          Reflect  .    B - +2 helmet
rElec   +          Harm     .    (no cloak)
rCorr   .          Rampage  .    C - +1 pair of gloves
Will    +....                    (no boots) Stlth
                                 M - amulet of faith
HPRegen 0.33/turn                m - +4 ring of protection
MPRegen 0.15/turn                K - ring of willpower

@: under a protective aura
A: sickness immunity, AC +9, negative energy resistance 1, electricity
resistance, torment resistance 1, petrification resistance, wild magic 1, sturdy
frame 1
a: Renounce Religion, Heroism, Finesse, Duel


You were on level 3 of the Lair of Beasts.
You worshipped Okawaru.
Okawaru was extremely pleased with you.
You visited 3 branches of the dungeon, and saw 15 of its levels.
You also visited: Ossuary.

You collected 607 gold pieces.

Inventory:

Hand Weapons
 y - a +0 flail of protection (weapon)
 F - a +0 broad axe
 Q - a +4 broad axe of freezing
Armour
 c - a +0 buckler (worn)
 n - a +0 plate armour (worn)
 B - a +2 helmet (worn)
 C - a +1 pair of gloves (worn)
 G - a +0 ring mail of cold resistance
Jewellery
 m - a +4 ring of protection (left hand)
 p - a ring of positive energy
 q - a ring of resist corrosion
 D - a ring of protection from cold
 J - an amulet of the acrobat
 K - a ring of willpower (right hand)
 M - an amulet of faith (around neck)
 N - a +5 ring of evasion
 O - a ring of positive energy
 P - a +6 ring of intelligence
Wands
 l - a wand of paralysis (8)
 o - a wand of flame (44)
 E - a wand of quicksilver (17)
 I - a wand of digging (7)
Scrolls
 e - 4 scrolls of amnesia
 f - 2 scrolls of poison
 g - 2 scrolls of fear
 h - 4 scrolls of fog
 j - 3 scrolls of blinking
 v - 4 scrolls of identify
 z - 4 scrolls of teleportation
 A - a scroll of enchant weapon
 L - a scroll of silence
Potions
 b - a potion of resistance
 d - 6 potions of might
 i - a potion of magic
 k - 3 potions of mutation
 r - 7 potions of haste
 s - 4 potions of heal wounds
 u - 2 potions of curing
 w - a potion of flight
 x - 8 potions of ambrosia
 H - a potion of cancellation
Miscellaneous
 a - a lightning rod (4/4)
 t - a phial of floods


   Skills:
 + Level 9.2 Fighting
 + Level 12.9 Axes
 + Level 10.0 Armour
 - Level 0.2 Stealth
 + Level 8.3 Shields
 * Level 6.6 Invocations
 * Level 7.6 Evocations


You had 12 spell levels left.
You didn't know any spells.
Your spell library contained the following spells:

 Spells                   Type           Power      Damage    Failure   Level
 Kiss of Death            Conj/Necr      0%         2d5       99%         1
 Slow                     Hex            0%         N/A       99%         1
 Confusing Touch          Hex            0%         N/A       100%        3
 Portal Projectile        Hex/Tloc       0%         N/A       100%        3
 Vampiric Draining        Necr           0%         2d6       100%        3
 Dispel Undead            Necr           0%         3d6       100%        4
 Passage of Golubria      Tloc           0%         N/A       100%        4
 Blade Hands              Tmut           0%         N/A       100%        5
 Borgnjor's Vile Clutch   Necr/Erth      0%         N/A       100%        5
 Yara's Violent Unravell  Hex/Tmut       0%         3d3       100%        5
 Tukima's Dance           Hex            Unusable   N/A       N/A         3
 Animate Dead             Necr           Unusable   N/A       N/A         4
 Death Channel            Necr           Unusable   N/A       N/A         6

Dungeon Overview and Level Annotations

Branches:
Dungeon (11/15)            Temple (1/1) D:6            Lair (3/5) D:11
    Orc (0/2) D:10        Ossuary (visited)
  Swamp: Lair:2-3    Shoals: Lair:2-3     Snake: Lair:2-3    Spider: Lair:2-3

Altars:
Ashenzari
Cheibriados
Dithmenos
Elyvilon
Fedhas
Gozag
Hepliaklqana
Kikubaaqudgha
Makhleb
Nemelex Xobeh
Okawaru
Qazlal
Ru
Sif Muna
Trog
Uskayaw
Vehumet
Wu Jian
Xom
Yredelemnul
Zin
The Shining One

Annotations:
Lair:2 2 transporters, ryw's ghost, journeyman AtGl


Innate Abilities, Weirdness & Mutations

You are immune to sickness and miasma.
Your stone body is resilient. (AC +9)
You are immune to poison.
You resist negative energy. (rN+)
You are resistant to electric shocks. (rElec)
You are resistant to unholy torment.
You are immune to petrification.
Your spells are a little harder to cast, but a little more powerful.
Your movements are slightly less encumbered by armour. (ER -2)


Message History

The ten-headed hydra bites you.
The ten-headed hydra bites you but does no damage.
The ten-headed hydra barely misses you. x2
The ten-headed hydra bites you but does no damage.
The ten-headed hydra bites you.
The ten-headed hydra bites you but does no damage.
The ten-headed hydra bites you.
A yak comes into view.
Your +4 broad axe of freezing stops glowing.
Your +0 flail of protection hums with potential!
y - a +0 flail of protection (weapon)
The ten-headed hydra bites you but does no damage. x2
The ten-headed hydra bites you. x3
* * * LOW HITPOINT WARNING * * *
The ten-headed hydra bites you.
* * * LOW HITPOINT WARNING * * *
You block the ten-headed hydra's attack.
The ten-headed hydra bites you but does no damage.
The ten-headed hydra bites you!
* * * LOW HITPOINT WARNING * * *
The ten-headed hydra bites you but does no damage.
Unknown command.
You barely miss the ten-headed hydra.
The ten-headed hydra is moderately wounded.
The ten-headed hydra bites you but does no damage. x4
The ten-headed hydra bites you.
* * * LOW HITPOINT WARNING * * *
The ten-headed hydra bites you but does no damage. x2
You block the ten-headed hydra's attack.
The ten-headed hydra bites you but does no damage.
The ten-headed hydra barely misses you.
Unknown command.
You hit the ten-headed hydra.
Your weapon exudes an aura of protection.
The ten-headed hydra is heavily wounded.
The ten-headed hydra bites you.
* * * LOW HITPOINT WARNING * * *
The ten-headed hydra completely misses you.
The ten-headed hydra bites you!
You die...

##
........##(#.##
^.............##
......#######..#
.....# #.P#
..... #.Y##
##### ####YP#
##.##F##
##.).#D#
#.)?.@.#
#..)#...#
......###..#
.#...# ###.#
##.# ## ##


You could see a ten-headed hydra, 2 yaks and a cane toad.

Vanquished Creatures
  A hydra (Lair:2)
  A catoblepas (Lair:2)
  A two-headed ogre (D:10)
  The ghost of royokou the Carver, a novice MfGl (D:7)
  3 black mambas
  6 elephants (Lair:1)
  7 cane toads
  An unseen horror (D:11)
  A rime drake (Lair:2)
  A kobold demonologist (D:11)
  6 komodo dragons
  A merfolk (Lair:3)
  A troll (D:11)
  A queen bee (Lair:2)
  A hornet (D:8)
  5 polar bears
  4 blink frogs (Lair:3)
  A vampire (D:11)
  A wraith (D:10)
  2 wyverns
  A shadow (D:9)
  24 yaks
  5 basilisks (Lair:1)
  A steam dragon (D:6)
  Edmund (D:6)
  3 nagas (Lair:3)
  3 wargs (D:10)
  2 acid dragons
  10 water moccasins
  A black bear (D:5)
  An ice beast (D:5)
  4 ogres
  6 wolves (Lair:2)
  3 centaurs
  4 kobold brigands
  12 bullfrogs
  A gnoll sergeant (D:8)
  6 water moccasin zombies (Ossuary)
  7 wights
  33 killer bees
  A howler monkey (D:9)
  3 hounds
  4 jellies
  A gnoll bouda (D:5)
  2 orc priests
  3 iron imps (D:4)
  Jessica (D:2)
  Ijyb (D:5)
  7 hell rats (Lair:1)
  5 orc wizards
  Natasha (thrice) (D:2)
  2 iguanas
  2 human simulacra (D:9)
  2 mummies (Ossuary)
  11 gnolls
  9 adders
  3 white imps
  2 ufetubi (D:5)
  3 adder zombies (Ossuary)
  A worm (D:2)
  2 dart slugs
  23 orcs
  6 ball pythons
  4 endoplasms
  A giant cockroach (D:3)
  6 gnoll zombies (Ossuary)
  4 goblins
  11 hobgoblins
  13 jackals
  23 kobolds
  5 quokkas
  5 bats
  A frilled lizard (D:1)
  3 hobgoblin zombies (Ossuary)
  4 kobold zombies (Ossuary)
  2 orc zombies (Ossuary)
  6 rats
359 creatures vanquished.

Vanquished Creatures (others)
  16 fungi
  17 plants
33 creatures vanquished.

Grand Total: 392 creatures vanquished

Notes
Turn   | Place    | Note
-------+----------+-------------------------------------------
     0 | D:1      | bande the Gargoyle Fighter began the quest for the Orb.
     0 | D:1      | Reached XP level 1. HP: 14/14 MP: 1/1
    60 | D:1      | Reached skill level 2 in Axes
   207 | D:1      | Reached XP level 2. HP: 19/19 MP: 2/2
   750 | D:2      | Reached XP level 3. HP: 17/24 MP: 3/3
   933 | D:2      | Noticed Jessica
   938 | D:2      | Killed Jessica
   939 | D:2      | Reached XP level 4. HP: 27/29 MP: 4/4
   993 | D:2      | Reached skill level 3 in Axes
  1052 | D:2      | Noticed Natasha
  1063 | D:2      | Killed Natasha
  1147 | D:2      | Noticed Natasha
  1153 | D:2      | Killed Natasha
  1154 | D:2      | Reached XP level 5. HP: 21/33 MP: 5/5
  1174 | D:2      | Noticed Natasha
  1184 | D:2      | Killed Natasha
  1718 | D:3      | Found a basalt altar of Yredelemnul.
  1785 | D:3      | Found a sacrificial altar of Ru.
  2195 | D:4      | Reached XP level 6. HP: 38/38 MP: 6/6
  2365 | D:4      | Found a burning altar of Makhleb.
  2550 | D:4      | Reached skill level 4 in Axes
  3069 | D:5      | Entered Level 5 of the Dungeon
  3069 | D:5      | Noticed a black bear
  3078 | D:5      | Killed a black bear
  3079 | D:5      | Reached XP level 7. HP: 44/44 MP: 7/7
  3120 | D:5      | Reached skill level 5 in Shields
  3222 | D:5      | Found a sand-covered staircase.
  3228 | Ossuary  | Entered an ossuary
  3262 | Ossuary  | Reached skill level 5 in Axes
  3262 | Ossuary  | Reached skill level 5 in Armour
  3347 | Ossuary  | Reached XP level 8. HP: 38/48 MP: 8/8
  3398 | Ossuary  | Reached skill level 6 in Axes
  3590 | D:5      | Reached skill level 5 in Fighting
  3647 | D:5      | Noticed Ijyb
  3653 | D:5      | Paralysed by Ijyb for 4 turns
  3660 | D:5      | Killed Ijyb
  3922 | D:5      | Gained mutation: Your movements are slightly less
                  | encumbered by armour. (ER -2) [potion of mutation]
  3922 | D:5      | Gained mutation: Your spells are a little harder to cast,
                  | but a little more powerful. [potion of mutation]
  4058 | D:5      | Reached skill level 1 in Evocations
  4592 | D:6      | Reached skill level 7 in Axes
  4836 | D:6      | Noticed Edmund
  4855 | D:6      | Killed Edmund
  4856 | D:6      | Reached XP level 9. HP: 50/55 MP: 9/9
  5015 | D:6      | Found a sparkling altar of Nemelex Xobeh.
  5663 | D:6      | Found a staircase to the Ecumenical Temple.
  6013 | Temple   | Entered the Ecumenical Temple
  6438 | D:7      | Reached skill level 8 in Axes
  6529 | D:7      | Found a large runed translucent door.
  6530 | D:7      | Found a large runed translucent door.
  6532 | D:7      | Noticed royokou's ghost (novice MfGl)
  6758 | D:7      | Killed royokou's ghost
  6830 | D:8      | Noticed a hornet
  6840 | D:8      | Killed a hornet
  6885 | D:8      | Reached XP level 10. HP: 61/61 MP: 10/10
  6919 | D:8      | Found an iron altar of Okawaru.
  6919 | D:8      | Found a glowing golden altar of the Shining One.
  6920 | D:8      | Found a hide-covered altar of Uskayaw.
  7043 | D:8      | Reached skill level 9 in Axes
  7082 | D:8      | Identified the +10 quarterstaff "Beetleslayer" {speed, Fly
                  | Int+4}
  7247 | D:8      | Found a shimmering blue altar of Sif Muna.
  7249 | D:8      | Found an opulent altar of Gozag.
  7850 | D:9      | Reached skill level 10 in Axes
  7874 | D:9      | Reached skill level 5 in Evocations
  8164 | D:8      | Became a worshipper of Warmaster Okawaru
  8434 | D:10     | Entered Level 10 of the Dungeon
  8593 | D:10     | Reached skill level 1 in Invocations
  8593 | D:10     | Reached XP level 11. HP: 64/67 MP: 11/11
  8704 | D:10     | Found a staircase to the Orcish Mines.
  8724 | D:10     | Noticed a two-headed ogre
  8730 | D:10     | Killed a two-headed ogre
  8730 | D:10     | Reached * piety under Okawaru
  9758 | D:10     | Found a hazy altar of Hepliaklqana.
  9770 | D:10     | Found a glowing silver altar of Zin.
 10030 | D:11     | Found a staircase to the Lair.
 10151 | D:11     | Reached skill level 11 in Axes
 10158 | D:11     | Reached ** piety under Okawaru
 10691 | Lair:1   | Entered Level 1 of the Lair of Beasts
 10981 | Lair:1   | Reached *** piety under Okawaru
 11014 | Lair:1   | You fall into a shaft and drop 1 floor!
 11396 | Lair:1   | Reached XP level 12. HP: 73/73 MP: 15/15
 11608 | Lair:1   | Reached **** piety under Okawaru
 12478 | Lair:1   | Reached skill level 12 in Axes
 12491 | Lair:1   | Reached skill level 5 in Invocations
 13157 | Lair:2   | Noticed a six-headed hydra
 13160 | Lair:2   | Reached ***** piety under Okawaru
 13185 | Lair:2   | Killed an eight-headed hydra
 13674 | Lair:2   | Found a transporter.
 13680 | Lair:2   | Noticed ryw's ghost (journeyman AtGl)
 13725 | Lair:2   | Found a transporter.
 13735 | Lair:2   | Noticed a six-headed hydra
 13859 | Lair:2   | Noticed a catoblepas
 13871 | Lair:2   | Killed a catoblepas
 13871 | Lair:2   | Received a gift from Okawaru
 14734 | Lair:3   | Reached XP level 13. HP: 58/80 MP: 17/17
 15326 | Lair:3   | Reached skill level 10 in Armour
 15355 | Lair:3   | Slain by a ten-headed hydra

Illustrated notes

Levels and vault maps discovered:
D:1:      enne_arrival_octagon_isle, layout_basic
D:2:      layout_basic, uniq_jessica, uniq_natasha
D:3:      layout_basic, mainiacjoe_overflow_concentric_impassable,
          mainiacjoe_overflow_paths
D:4:      layout_basic, demons_altar
D:5:      layout_loops_corners, lightli_ossuary_entry_decrepit_ruins,
          dk_noncrumbling_3, kennysheep_decorative_pillar,
          palyth_stone_intersect, nrook_pool_corridor, uniq_ijyb
D:6:      layout_basic, nemelex_spade_bored_becter, temple_statues,
          dreamdust_mushroom_princess, uniq_edmund
D:7:      layout_rooms, ebering_ghost_disaster_area
D:8:      layout_basic, nicolae_overflow_hidden_temple, minmay_misc_feat_columns
D:9:      layout_basic, bh_circular_ruins
D:10:     layout_long_grid, minitemple, minmay_orc_entry_guard_dogs
D:11:     layout_irregular_city, lair_entry_dummy
Temple:   minmay_temple_curvy_loop
Lair:1:   layout_chaotic_city, grunt_megastairs_5, serial_bayou_shore_a
Lair:2:   layout_cave_pods, gammafunk_ghost_berserking_beasts, special_room
          [special_room_bee], lemuel_fruit_fields, grunt_megastairs_1
Lair:3:   layout_loops_ring, elwin_shoals_entry_rooms,
          nicolae_snake_entry_squirm, grunt_forest_small_clearings

Skill      XL: |  1  2  3  4  5  6  7  8  9 10 11 12 13 |
---------------+----------------------------------------+-----
Axes           | 2 3 4 5 7 8 10 11 12 | 12.9
Armour         | 4 5 6 7 8 9 10 | 10.0
Shields        | 4 5 6 7 8 |  8.3
Fighting       | 4 5 6 7 8 9 |  9.2
Evocations     | 2 4 5 6 7 |  7.6
Invocations    | 1 4 6 |  6.6
Stealth        | |  0.2

Action                   |  1- 3 |  4- 6 |  7- 9 | 10-12 | 13-15 || total
-------------------------+-------+-------+-------+-------+-------++-------
Melee: War axe           |    91 |   183 |   307 |   606 |       ||  1187
       Broad axe         |       |       |       |    72 |    52 ||   124
       Flail             |       |       |       |    14 |     2 ||    16
  Use: Scroll            |       |       |    22 |     5 |       ||    27
       Potion            |       |       |     1 |     4 |     1 ||     6
Armor: Scale mail        |    42 |       |       |       |       ||    42
       Plate armour      |     7 |   127 |   205 |   678 |    64 ||  1081
Dodge: Dodged            |    46 |    57 |    94 |   264 |    28 ||   489
Block: Buckler           |    18 |    58 |    78 |   262 |    17 ||   433

Table legend: (Time is in decaauts)
 A = Elapsed time spent in this place.
 B = Non-inter-level travel time spent in this place.
 C = Inter-level travel time spent in this place.
 D = Time resting spent in this place.
 E = Time spent auto-exploring this place.
 F = Levels seen in this place.
 G = Mean time per level.
                   A        B        C        D        E       F      G
               +--------+--------+--------+--------+--------+-----+--------+
         Total |  15535 |  15183 |    352 |   3378 |   8610 |  16 |  970.9 |
       Dungeon |  10357 |  10012 |    345 |   1399 |   6426 |  11 |  941.5 |
        Temple |    225 |    225 |      0 |      0 |    187 |   1 |  225.0 |
          Lair |   4657 |   4650 |      7 |   1979 |   1839 |   3 | 1552.3 |
       Ossuary |    294 |    294 |      0 |      0 |    157 |   1 |  294.0 |
               +--------+--------+--------+--------+--------+-----+--------+

Top non-repeatable levels by time:
  Lair:1: 1868 daAuts
  Lair:2: 1853 daAuts
     D:9: 1677 daAuts
     D:6: 1492 daAuts
     D:5: 1240 daAuts
     D:4: 1002 daAuts
  Lair:3: 936 daAuts
    D:10: 804 daAuts
    D:11: 777 daAuts
     D:1: 724 daAuts
     D:3: 722 daAuts
     D:2: 721 daAuts
     D:8: 650 daAuts
     D:7: 544 daAuts
 Ossuary: 294 daAuts
